 Dungeon Crawl Stone Soup version 0.28.0 (webtiles) character file.

Game seed: 14753961527313856957

7224 avis the Cleaver (level 11, -14/101 HPs)
             Began as a Hill Orc Monk on Feb 18, 2022.
             Was a Follower of Beogh.
             Demolished by a white ugly thing (21 damage)
             ... on level 8 of the Dungeon.
             The game lasted 00:47:51 (10199 turns).

avis the Cleaver (Hill Orc Monk)                   Turns: 10199, Time: 00:47:52

Health: -14/101    AC: 10    Str: 25    XL:     11   Next: 11%
Magic:  12/18      EV: 16    Int: 10    God:    Beogh [*.....]
Gold:   160        SH:  0    Dex: 13    Spells: 10/10 levels left

rFire   . . .      SeeInvis .   a - +0 hand axe (freeze)
rCold   . . .      Faith    .   (no shield)
rNeg    . . .      Spirit   .   B - +3 scale mail
rPois   .          Reflect  .   (no helmet)
rElec   .          Harm     .   (no cloak)
rCorr   .          Rampage  .   (no gloves)
Will    .....                   (no boots)
Stlth   ..........              (no amulet)
HPRegen 0.26/turn               h - +4 ring of evasion
MPRegen 0.16/turn               v - +6 ring of strength

@: no status effects
A: no striking features
a: Renounce Religion


You were on level 8 of the Dungeon.
You worshipped Beogh.
Beogh was aware of your devotion.
You visited 2 branches of the dungeon, and saw 9 of its levels.

You collected 466 gold pieces.
You spent 306 gold pieces at shops.

Inventory:

Hand Weapons
 a - a +0 hand axe of freezing (weapon)
 b - a +0 hunting sling
 w - a +1 flail of protection
 G - a +0 spear
 L - a +4 trident of venom
 P - a +0 spear
 U - a +2 dagger of chaos
Missiles
 d - 191 stones
 n - 52 arrows
 o - 15 poisoned darts
 x - 7 boomerangs (quivered)
 C - 2 throwing nets
 E - 21 bolts
 I - 28 sling bullets
 Q - 3 curare-tipped darts
Armour
 B - a +3 scale mail (worn)
 S - +0 acid dragon scales
 V - a +2 robe of positive energy
 X - +0 acid dragon scales
Jewellery
 f - a ring of protection from cold
 h - a +4 ring of evasion (left hand)
 k - a ring of magical power
 v - a +6 ring of strength (right hand)
 W - a ring of positive energy
Wands
 D - a wand of polymorph (4)
 H - a wand of digging (8)
 J - a wand of iceblast (3)
 O - a wand of flame (13)
 T - a wand of acid (11)
Scrolls
 e - 3 scrolls of magic mapping
 g - 3 scrolls of amnesia
 i - 5 scrolls of teleportation {unknown}
 j - 3 scrolls of identify
 l - a scroll of immolation {unknown}
 m - a scroll of holy word {unknown}
 q - a scroll of silence {unknown}
 r - 4 scrolls of vulnerability {unknown}
 y - a scroll of enchant weapon {unknown}
 z - a scroll of brand weapon {unknown}
 F - a scroll of fog {unknown}
 K - a scroll of torment {unknown}
 M - 4 scrolls of blinking
 R - a scroll of fear
Potions
 c - a potion of brilliance
 s - 3 potions of flight
 t - a potion of magic
 A - a potion of ambrosia


   Skills:
 * Level 10.4 Fighting
 - Level 14.0 Axes
 - Level 5.0 Armour
 - Level 5.0 Dodging
 - Level 1.5 Stealth
 - Level 10.0 Invocations


You had 10 spell levels left.
You didn't know any spells.
Your spell library contained the following spells:

 Spells                   Type           Power      Damage    Failure   Level
 Call Canine Familiar     Summ           0%         N/A       94%         3
 Portal Projectile        Hex/Tloc       0%         N/A       94%         3
 Leda's Liquefaction      Hex/Erth       0%         N/A       100%        4
 Olgreb's Toxic Radiance  Pois           0%         N/A       100%        4
 Ozocubu's Refrigeration  Ice            0%         4d5       100%        7
 Ignition                 Fire           0%         3d3       100%        8


Dungeon Overview and Level Annotations

Branches:
Dungeon (8/15)             Temple (1/1) D:4            Lair (0/6) D:8

Altars:
Cheibriados
Dithmenos
Elyvilon
Gozag
Kikubaaqudgha
Nemelex Xobeh
Okawaru
Ru
Sif Muna
Trog
Uskayaw

Shops:
D:3 !   D:7 ?   D:8 (

Annotations:
D:8 3 runed translucent doors, SnakkuSnakku7's ghost, novice HOFi


Message History

The white ugly thing is lightly wounded.
The white ugly thing tail-slaps you but does no damage.
You slash the white ugly thing! You freeze the white ugly thing.
The white ugly thing is moderately wounded.
You barely miss the white ugly thing.
The white ugly thing is moderately wounded.
The white ugly thing tail-slaps you but does no damage.
You hit the white ugly thing.
The white ugly thing is moderately wounded.
You barely miss the white ugly thing.
The white ugly thing is moderately wounded.
The white ugly thing tail-slaps you. The white ugly thing freezes you!!
* * * LOW HITPOINT WARNING * * *
You feel much better.
The white ugly thing tail-slaps you but does no damage.
Aiming: Smiting
Press: ? - help, Dir - move target, f - white ugly thing Smite: a white ugly thing (moderately wounded)
You smite the white ugly thing!
The white ugly thing is severely wounded.
The white ugly thing tail-slaps you. The white ugly thing freezes you!!
* * * LOW HITPOINT WARNING * * *
You feel much better. The white ugly thing misses you.
Aiming: Smiting
Press: ? - help, Dir - move target, f/p - white ugly thing Smite: a white ugly thing (severely wounded)
You smite the white ugly thing!!
The white ugly thing is almost dead.
You can no longer smite your foes.
The white ugly thing barely misses you.
You feel much better. The white ugly thing tail-slaps you!
* * * LOW HITPOINT WARNING * * *
The white ugly thing freezes you!
* * * LOW HITPOINT WARNING * * *
You closely miss the white ugly thing.
The white ugly thing is almost dead.
The white ugly thing tail-slaps you.
* * * LOW HITPOINT WARNING * * *
The white ugly thing freezes you!!
You die...

#........# #........#
##### #........# ....#
#........#
###.#######........#######
..........................
###'#####+###.............
#..#..#.....#.............
#..##.##.#.##..u@.........
'##.#.'÷.?..'.#####.....<.
#.##..#)#.#.#.## .......
#.....#.....#..# .......
###'#####)###..# #..#####
#..9 ⌠...⌠#..##...## #.=
#..#..#.....### +. .'.#
#.'..#### #. .#. .#..#


You could see a white ugly thing.

Vanquished Creatures
  A centaur warrior (D:8)
  A two-headed ogre (D:8)
  A gargoyle (D:8)
  A komodo dragon (D:6)
  Psyche (D:8)
  Prince Ribbit (D:6)
  A hornet (D:5)
  Grinder (D:4)
  A vampire (D:8)
  Eustachio (D:4)
  A steam dragon (D:7)
  6 yaks (D:7)
  Menkaure (D:4)
  2 acid dragons (D:8)
  Duvessa (D:4)
  3 water moccasins
  2 black bears (D:5)
  A sky beast (D:4)
  3 ice beasts
  2 necrophages
  An ogre (D:6)
  A centaur (D:8)
  A kobold brigand (D:7)
  2 bullfrogs (D:8)
  Blork the orc (D:6)
  3 gnoll sergeants
  A scorpion (D:6)
  A wyvern zombie (D:6)
  A water moccasin skeleton (D:5)
  Dowan (D:4)
  A wight (D:8)
  2 centaur zombies
  2 hounds
  A centaur skeleton (D:4)
  3 bullfrog skeletons
  A gnoll shaman (D:7)
  2 iguanas
  5 orc wizards
  2 howler monkey zombies
  6 gnolls
  7 adders
  2 howler monkey skeletons
  A shadow imp (D:5)
  2 white imps
  4 worms
  A dart slug (D:3)
  6 orcs
  5 ball pythons
  7 endoplasms
  3 giant cockroaches
  3 goblins
  3 hobgoblins
  5 jackals
  12 kobolds
  6 quokkas
  3 training dummies (D:8)
  5 bats
  11 rats
156 creatures vanquished.

Vanquished Creatures (others)
  An orc wizard (D:3)
  2 orcs (D:3)
3 creatures vanquished.

Grand Total: 159 creatures vanquished

Notes
Turn   | Place    | Note
-------+----------+-------------------------------------------
     0 | D:1      | avis the Hill Orc Monk began the quest for the Orb.
     0 | D:1      | Reached XP level 1. HP: 19/19 MP: 1/1
   266 | D:1      | Found a faded altar of an unknown god.
   339 | D:1      | Reached XP level 2. HP: 22/27 MP: 2/2
   916 | D:2      | Reached skill level 5 in Axes
   964 | D:2      | Reached XP level 3. HP: 27/35 MP: 3/3
   974 | D:2      | Reached skill level 5 in Fighting
  1090 | D:2      | Reached XP level 4. HP: 26/42 MP: 4/4
  2198 | D:3      | Reached skill level 6 in Axes
  2223 | D:3      | Found Baxarif's Distillery.
  2233 | D:3      | Bought a potion of degeneration for 11 gold pieces
  2233 | D:3      | Bought a potion of curing for 33 gold pieces
  2233 | D:3      | Bought a potion of heal wounds for 55 gold pieces
  2385 | D:3      | Reached XP level 5. HP: 44/48 MP: 5/5
  2551 | D:3      | Found a snail-covered altar of Cheibriados.
  2609 | D:3      | Found a shimmering blue altar of Sif Muna.
  2686 | D:3      | Became a worshipper of Beogh the Brigand
  2686 | D:3      | Reached * piety under Beogh
  2686 | D:3      | Reached ** piety under Beogh
  2742 | D:4      | Noticed Grinder
  2781 | D:4      | Noticed Duvessa
  2781 | D:4      | Noticed Dowan
  3142 | D:4      | Killed Duvessa
  3143 | D:4      | Reached skill level 7 in Axes
  3143 | D:4      | Reached XP level 6. HP: 34/56 MP: 5/7
  3161 | D:4      | Killed Dowan
  3420 | D:4      | Found an iron altar of Okawaru.
  3428 | D:4      | Noticed Menkaure
  3435 | D:4      | Killed Menkaure
  3436 | D:4      | Reached skill level 8 in Axes
  3767 | D:4      | Noticed a sky beast
  3787 | D:4      | Reached XP level 7. HP: 37/61 MP: 9/9
  4006 | D:4      | Reached skill level 9 in Axes
  4057 | D:4      | Paralysed by Grinder for 4 turns
  4066 | D:4      | Killed Grinder
  4067 | D:4      | Reached skill level 5 in Invocations
  4304 | D:4      | Reached skill level 10 in Axes
  4330 | D:4      | Noticed Eustachio
  4364 | D:4      | Killed Eustachio
  4365 | D:4      | Reached XP level 8. HP: 33/68 MP: 11/11
  4736 | D:4      | You fall into a shaft and drop 1 floor!
  4736 | D:5      | Entered Level 5 of the Dungeon
  4842 | D:4      | Found a staircase to the Ecumenical Temple.
  4855 | Temple   | Entered the Ecumenical Temple
  4935 | D:5      | Reached skill level 11 in Axes
  5152 | D:5      | Found a bloodstained altar of Trog.
  5185 | D:5      | Reached skill level 12 in Axes
  5295 | D:5      | Noticed a hornet
  5298 | D:5      | Killed a hornet
  5299 | D:5      | Reached skill level 13 in Axes
  5622 | D:5      | Reached XP level 9. HP: 66/74 MP: 12/12
  5877 | D:6      | Noticed a komodo dragon
  5892 | D:6      | Killed a komodo dragon
  5893 | D:6      | Reached skill level 14 in Axes
  6060 | D:6      | Noticed Blork the orc
  6070 | D:6      | Killed Blork the orc
  6075 | D:6      | Found an ancient bone altar of Kikubaaqudgha.
  6082 | D:6      | Found a sparkling altar of Nemelex Xobeh.
  6573 | D:6      | Noticed Prince Ribbit
  6586 | D:6      | Killed Prince Ribbit
  7031 | D:7      | Found Delahais's Magic Scroll Shoppe.
  7385 | D:7      | Bought a scroll of noise for 11 gold pieces
  7385 | D:7      | Bought a scroll of magic mapping for 38 gold pieces
  7385 | D:7      | Bought a scroll of blinking for 82 gold pieces
  7385 | D:7      | Bought a scroll of amnesia for 38 gold pieces
  7385 | D:7      | Bought a scroll of fear for 38 gold pieces
  7429 | D:7      | Reached skill level 10 in Fighting
  7429 | D:7      | Reached skill level 1 in Armour
  7627 | D:7      | Reached XP level 10. HP: 86/93 MP: 13/13
  7657 | D:7      | Reached skill level 5 in Armour
  8459 | D:8      | Found Diuvubb's Firing Range.
  8557 | D:8      | Found a hide-covered altar of Uskayaw.
  8699 | D:8      | Found a sacrificial altar of Ru.
  9052 | D:8      | Reached skill level 5 in Dodging
  9093 | D:8      | Noticed Psyche
  9109 | D:8      | Killed Psyche
  9115 | D:8      | Found a staircase to the Lair.
  9125 | D:8      | Found a runed translucent gate.
  9125 | D:8      | Found a runed translucent gate.
  9125 | D:8      | Found a runed translucent gate.
  9128 | D:8      | Found an opulent altar of Gozag.
  9129 | D:8      | Noticed a tengu warrior
  9130 | D:8      | Noticed SnakkuSnakku7's ghost (novice HOFi)
  9199 | D:8      | Noticed a two-headed ogre
  9216 | D:8      | Killed a two-headed ogre
  9725 | D:8      | Noticed a gargoyle
  9983 | D:8      | Killed a gargoyle
  9984 | D:8      | Reached XP level 11. HP: 99/99 MP: 16/18
 10159 | D:8      | Noticed a centaur warrior
 10171 | D:8      | Noticed a white ugly thing
 10177 | D:8      | Killed a centaur warrior
 10178 | D:8      | Reached skill level 10 in Invocations
 10195 | D:8      | HP: 1/101 [white ugly thing (30)]
 10199 | D:8      | Demolished by a white ugly thing

Illustrated notes

Levels and vault maps discovered:
D:1:      psy_arrival_radial01, layout_rooms,
          shapermc_ecumenical_altar_mp_vishouse, serial_glass, glass_columns_b,
          glass_columns_c
D:2:      layout_basic
D:3:      layout_rooms, kennysheep_slug_shrine, lemuel_coloured_pillars_altar,
          serial_shops, nicolae_shop_temple_entry_statues_fountains
D:4:      layout_gridville, kennysheep_little_box, temple_hall, uniq_eustachio,
          uniq_grinder, uniq_duvessa, uniq_menkaure
D:5:      layout_basic, trog_three_pillars_becter
D:6:      layout_basic, minitemple, minivault_25, uniq_prince_ribbit1,
          uniq_blork_the_orc
D:7:      layout_basic, serial_shops, nicolae_shop_waterfront
D:8:      minmay_the_grid_square_5x5_3x3
          [minmay_the_grid_square_5x5_doubleslash,
          minmay_the_grid_square_5x5_hollow_slash,
          minmay_the_grid_square_5x5_trominoes,
          minmay_the_grid_square_5x5_minivault,
          minmay_the_grid_square_5x5_megaprize_open,
          minmay_the_grid_square_5x5_intrusive_squares,
          minmay_the_grid_square_5x5_checkered_sparse,
          minmay_the_grid_square_5x5_shrine2, minmay_the_grid_square_5x5_lines],
          layout_rooms, nicolae_uskayaw_dance_hall, nicolae_ru_path_of_blood,
          ebering_ghost_gozag, serial_shops, shop, nicolae_shop_firing_range,
          uniq_psyche
Temple:   nicolae_temple_god_jail

Skill      XL: |  1  2  3  4  5  6  7  8  9 10 11 |
---------------+----------------------------------+-----
Fighting       | 4 5 10 | 10.4
Axes           | 5 6 7 8 10 13 14 | 14.0
Invocations    | 2 3 5 9 10 | 10.0
Armour         | 2 5 |  5.0
Dodging        | 5 |  5.0
Stealth        | |  1.5

Action                   |  1- 3 |  4- 6 |  7- 9 | 10-12 || total
-------------------------+-------+-------+-------+-------++-------
Melee: Hand axe          |    92 |   166 |   308 |   238 ||   804
       Punch             |     1 |     3 |     5 |     2 ||    11
       Unarmed           |       |       |       |     4 ||     4
 Fire: Hunting sling     |       |     6 |    14 |     4 ||    24
Throw: Boomerang         |       |       |    30 |    11 ||    41
Invok: Convert to Beogh  |       |     1 |       |       ||     1
       Smiting           |       |     2 |     4 |     6 ||    12
  Use: Potion            |       |       |     3 |     6 ||     9
       Scroll            |       |       |       |     7 ||     7
Armor: Scale mail        |    51 |    49 |    76 |    50 ||   226
       Robe              |     1 |       |       |       ||     1
       Skin              |       |    25 |       |     1 ||    26
Dodge: Dodged            |    38 |    67 |   138 |   109 ||   352
